 Dungeon Crawl Stone Soup version 0.26.0-45-g9c1d065592 (webtiles) character file.

Game seed: 4865188880033095371

85 thiole the Stinger (level 4, 0/27 HPs)
             Began as an Octopode Venom Mage on Jan 27, 2021.
             Slain by an adder (4 damage)
             ... on level 2 of the Dungeon.
             The game lasted 00:01:52 (2052 turns).

thiole the Stinger (Octopode Venom Mage)            Turns: 2052, Time: 00:01:52

Health: 0/27       AC:  1    Str:  7    XL:     4   Next: 48%
Magic:  1/8        EV: 13    Int: 18    God:
Gold:   55         SH:  0    Dex: 12    Spells: 5/9 levels left

rFire    . . .     SeeInvis .   (no weapon)
rCold    . . .     Faith    .   (no shield)
rNeg     . . .     Spirit   .   (helmet restricted)
rPois    .         Reflect  .   (no amulet)
rElec    .         Harm     .   (no ring)
rCorr    .         Rampage  .   (no ring)
Will     .....                  (no ring)
Stlth    +++.......             (no ring)
HPRegen  0.09/turn              (no ring)
MPRegen  0.11/turn              (no ring)
                                (no ring)
                                (no ring)

@: lethally poisoned (0 -> -3), very slightly contaminated
A: almost no armour, stealthy swim, amphibious, 8 rings, constrict 8, camouflage
1, gelatinous body 1
a: no special abilities


You were on level 2 of the Dungeon.
You visited 1 branch of the dungeon, and saw 2 of its levels.

You collected 55 gold pieces.

Inventory:

Jewellery
 d - a +6 ring of intelligence {unknown}
 f - an uncursed ring of flight {unknown}
Scrolls
 b - 2 scrolls of fog {unknown}
 c - a scroll of identify {unknown}
Potions
 e - a potion of ambrosia {unknown}


   Skills:
 - Level 2.0 Dodging
 - Level 2.6 Stealth
 * Level 3.0 Spellcasting
 + Level 1.9 Transmutations
 + Level 0.2 Fire Magic
 * Level 4.8 Poison Magic


You had 5 spell levels left.
You knew the following spells:

 Your Spells              Type           Power        Failure   Level
a - Sting                 Tmut/Pois      56%          4%          1
b - Ignite Poison         Fire/Tmut/Pois 11%          19%         3

Your spell library contained the following spells:

 Spells                   Type           Power        Failure   Level
 Poisonous Vapours        Pois/Air       22%          9%          2
 Olgreb's Toxic Radiance  Pois           20%          22%         4
 Mephitic Cloud           Conj/Pois/Air  8%           26%         3


Dungeon Overview and Level Annotations

Branches:
Dungeon (2/15)

Altars:


Innate Abilities, Weirdness & Mutations

You cannot wear most types of armour.
You are very stealthy in the water. (Stealth+)
You are amphibious.
You can wear up to eight rings at the same time.
You can use your tentacles to constrict eight enemies at once.
Your skin changes colour to match your surroundings (Stealth+).
Your rubbery body absorbs attacks. (AC +1, EV +1)


Message History

Confirm with . or Enter, or press ? or * to list all spells.
Aiming: Sting (safe; 4% risk of failure)
Press: ? - help, Shift-Dir - straight line, f - adder
Aim: an adder (47% to evade)
The sting hits the adder.
The adder is poisoned.
The adder is moderately wounded.
The adder barely misses you.
Casting: Sting (safe; 4% risk of failure)
Confirm with . or Enter, or press ? or * to list all spells.
Aiming: Sting (safe; 4% risk of failure)
Press: ? - help, Shift-Dir - straight line, f/p - adder
Aim: an adder (heavily wounded, poisoned, 47% to evade)
The sting hits the adder but does no damage.
The adder looks even sicker.
The adder is heavily wounded.
The adder bites you.
* * * LOW HITPOINT WARNING * * *
You are poisoned.
The adder poisons you! The adder bites you.
You die...

.........###..# #.......#
..#......# ##.# ######.##
.#.......# #.# #. #...#....#
#.# ##+# ..#.....# #.#
##...## #...#.. #.###
##.....# #..#.†## #.#.##
##.......
#....####....####........
#...#...†.S@.......+........
#.....#..####....####........
.........# #.#.## #)......
#.....#.[# #.### ##.....#
.#...#...# #.# ##...##
..###...## #.# ##'## .. .#..#
#.# ##.### ...#.# #.# #.....
#..###


You could see an adder (very poisoned).

Vanquished Creatures
  3 adders (D:2)
  An ooze (D:2)
  2 worms (D:2)
  3 leopard geckos
  5 bats
  3 giant cockroaches
  4 goblins
  7 hobgoblins
  A jackal (D:1)
  A quokka (D:2)
  7 kobolds
  5 rats (D:1)
42 creatures vanquished.

Notes
Turn   | Place    | Note
-------+----------+-------------------------------------------
     0 | D:1      | thiole the Octopode Venom Mage began the quest for the Orb.
     0 | D:1      | Reached XP level 1. HP: 11/11 MP: 3/3
   344 | D:1      | Reached XP level 2. HP: 17/17 MP: 3/5
   410 | D:1      | Reached skill level 4 in Poison Magic
   679 | D:1      | Reached XP level 3. HP: 21/21 MP: 0/6
  1243 | D:2      | Learned a level 3 spell: Ignite Poison
  1635 | D:2      | Reached XP level 4. HP: 27/27 MP: 4/8
  2052 | D:2      | Slain by an adder

Illustrated notes

Levels and vault maps discovered:
D:1:      doesnt_arrival_eight_statues, layout_loops_ring, minmay_3d_cube
D:2:      layout_loops_corners, dk_noncrumbling_4, minivault_11,
          minmay_splitting_lines, minmay_curled_crystal

Skill      XL: |  1  2  3  4 |
---------------+-------------+-----
Poison Magic   | 4 |  4.8
Spellcasting   | 3 |  3.0
Dodging        | |  2.0
Stealth        | |  2.6
Transmutations | |  1.9
Fire Magic     | |  0.2

Action                   |  1- 3 |  4- 6 || total
-------------------------+-------+-------++-------
Melee: Unarmed           |    26 |    14 ||    40
       Constrict         |    13 |     3 ||    16
       Tentacles         |     5 |     1 ||     6
 Cast: Sting             |    60 |    21 ||    81
  Use: Potion            |       |     1 ||     1
Armor: Skin              |     5 |     2 ||     7
Dodge: Dodged            |    24 |    15 ||    39
